 Dungeon Sprint DCSS version 0.17-b1-15-g0f5fb43 (webtiles) character file.

5 hexophile the Sneak (level 1, -1/10 HPs)
             Began as a Spriggan Assassin on Nov 3, 2015.
             Was an Initiate of Dithmenos.
             Slain by a worker ant (8 damage)
             ... in the Dungeon (Sprint VII: "The Pits").
             The game lasted 00:00:37 (55 turns).

hexophile the Sneak (Spriggan Assassin)               Turns: 55, Time: 00:00:37

Health: -1/10      AC:  3    Str:  7    XL:     1   Next: 66%
Magic:  2/2        EV: 17    Int: 12    God:    Dithmenos [......]
Gold:   0          SH:  0    Dex: 17    Spells: 0 memorised, 0 levels left

rFire  . . .     SeeInvis +     a - +2 dagger
rCold  . . .     Clarity  .     c - +0 robe
rNeg   . . .     SustAt   .     (shield restricted)
rPois  .         Gourm    .     (helmet restricted)
rElec  .         Spirit   .     d - +0 cloak
rCorr  .         Warding  .     (gloves unavailable)
rMut   .         NoTele   +     (boots unavailable)
MR     .....                    (no amulet)
Stlth  ++++......               (no ring)
                                (no ring)

@: very quick, not resistant to hostile enchantments, stealthy
A: unfitting armour, see invisible, herbivore 3, speed 3, slow metabolism 2
a: Renounce Religion


You were in the Dungeon.
You worshipped Dithmenos.
Dithmenos was noncommittal.
You were not hungry.

You visited 1 branch

Inventory:

Hand Weapons
 a - a +2 dagger (weapon)
 b - a +0 blowgun
Missiles
 e - 8 poisoned needles
 f - 2 curare-tipped needles
Armour
 c - a +0 robe (worn)
 d - a +0 cloak (worn)
Scrolls
 m - a scroll of blinking
 p - 3 scrolls of remove curse
 q - 5 scrolls of amnesia
 r - a scroll of summoning
Potions
 h - a potion of curing
 i - a potion of heal wounds
 j - a potion of haste
 k - 4 potions of magic
 l - 3 potions of berserk rage
 o - 2 potions of invisibility
Comestibles
 g - 8 bread rations
 n - 40 fruits


   Skills:
 - Level 1.5 Fighting
 * Level 3.4 Short Blades
 - Level 2.0 Throwing
 - Level 1.5 Dodging
 * Level 7.0 Stealth


You couldn't memorise any spells.
You didn't know any spells.

Dungeon Overview and Level Annotations

Branches:
Dungeon (1/1)

Altars:
Ashenzari
Cheibriados
Dithmenos
Elyvilon
Fedhas
Kikubaaqudgha
Makhleb
Nemelex Xobeh
Okawaru
Ru
Sif Muna
Trog
Vehumet
Xom
Yredelemnul
Zin
The Shining One
Beogh
Jiyva
Lugonu


Innate Abilities, Weirdness & Mutations

You are tiny and cannot use many weapons and most armour.
You have supernaturally acute eyesight.
You are a herbivore.
You cover ground extremely quickly.
You need consume almost no food.


Message History

There is an open door to the Temple (Safe) here.
There is a basalt altar of Yredelemnul here.
There is a sacrificial altar of Ru here.
There is a shadowy altar of Dithmenos here.
You kneel at the altar of Dithmenos.
Dithmenos welcomes you!
Unknown command.
There is an open door to the Temple (Safe) here.
There is an open door here.
You open the door.
A worker ant and a goblin come into view.
The goblin shouts!
There is an open door here.
You hit the worker ant but do no damage.
The worker ant bites you.
You hit the worker ant.
The worker ant is lightly wounded.
The worker ant bites you!
Ouch! That really hurt!
You die...

############
#__________#
#__________#
#.#####'##############++
#)))'.'%.##...........
#)))#.#?(##......#..#
#######'#####..........
#...........'...........
#+#####@#####......#..#.
#a# #........... #g#
####'#####+ +.#
#.......# ### #.......#
#.......# #...<...#
#.......# #.......#


You could see a worker ant and a goblin.

Vanquished Creatures
  A giant eyeball (D)
1 creature vanquished.

Notes
Turn   | Place    | Note
--------------------------------------------------------------
     0 | D        | hexophile the Spriggan Assassin began the quest for the Orb.
     0 | D        | Reached XP level 1. HP: 10/10 MP: 2/2
    11 | D        | Reached skill level 7 in Stealth
    20 | D        | Found a sacrificial altar of Ru.
    20 | D        | Found a basalt altar of Yredelemnul.
    20 | D        | Found a shadowy altar of Dithmenos.
    20 | D        | Found a deep blue altar of Sif Muna.
    20 | D        | Found a burning altar of Makhleb.
    20 | D        | Found a shimmering altar of Xom.
    20 | D        | Found an ancient bone altar of Kikubaaqudgha.
    20 | D        | Found a sparkling altar of Nemelex Xobeh.
    23 | D        | Found a bloodstained altar of Trog.
    23 | D        | Found a corrupted altar of Lugonu.
    23 | D        | Found a viscous altar of Jiyva.
    34 | D        | Found a glowing golden altar of the Shining One.
    34 | D        | Found a glowing silver altar of Zin.
    42 | D        | Found a shattered altar of Ashenzari.
    42 | D        | Found a white marble altar of Elyvilon.
    42 | D        | Found a snail-covered altar of Cheibriados.
    42 | D        | Found a blossoming altar of Fedhas.
    42 | D        | Found a radiant altar of Vehumet.
    42 | D        | Found a roughly hewn altar of Beogh.
    42 | D        | Found an iron altar of Okawaru.
    46 | D        | Became a worshipper of Dithmenos the Shadowed
    52 | D        | Noticed a worker ant
    55 | D        | Slain by a worker ant

Action                   || total
-------------------------++-------
Melee: Dagger            ||     3
 Stab: Sleeping          ||     1
